[Event "SVK Amateur-ch 2020"]
[Site "Topolcany"]
[Date "2020.07.12"]
[Round "4.28"]
[White "Musial, Tomasz"]
[Black "Matejov, Jaroslav"]
[Result "1-0"]
[ECO "E07"]
[WhiteElo "1946"]
[BlackElo "2021"]
[Annotator "ChessBase"]
[PlyCount "95"]
[EventDate "2020.07.10"]
[EventType "swiss"]
[EventCountry "SVK"]
[SourceTitle "playchess.com"]
[Source "ChessBase"]
[SourceQuality "1"]
[TimeControl "3600+30"]

1. d4 Nf6 2. c4 e6 3. Nf3 d5 4. g3 Be7 5. Bg2 O-O 6. O-O Nbd7 7. Nc3 dxc4 8. e3 c5 9. Qe2 cxd4 10. Nxd4 Ne5 11. Rd1 Qc7 12. f4 Nd3 13. b3 e5 14. Ndb5 Qb6 15. bxc4 Nxc1 16. Rdxc1 exf4 17. gxf4 Bg4 18. Qf2 Bc5 19. Nd4 Rab8 20. Rab1 Qa6 21. Rb5 b6 22. Nb3 Ba3 23. Rc2 Bd7 24. Rg5 h6 25. Rg3 Rfd8 26. Bf3 Be6 27. Qg2 Bf8 28. Nd5 Bxd5 29. cxd5 Rbc8 30. e4 Qd3 31. Re2 a5 32. Bg4 Qb1+ 33. Qf1 Qxf1+ 34. Kxf1 Rc4 35. Bf3 a4 36. Nd2 Rd4 37. Rg1 Rc8 38. d6 Rc2 39. e5 Nd7 40. Ne4 Rxe2 41. Kxe2 Rc4 42. Kd3 Rc8 43. Bg4 Nc5+ 44. Kd4 Rc6 45. Kd5 Nxe4 46. Kxc6 Nf2 47. Bf5 g6 48. Rf1 1-0

[Event "SVK Amateur-ch 2020"]
[Site "Topolcany"]
[Date "2020.07.12"]
[Round "4.29"]
[White "Nadzamova, Viktoria"]
[Black "Kubrican, Anton"]
[Result "1-0"]
[ECO "B06"]
[WhiteElo "2046"]
[BlackElo "1861"]
[Annotator "ChessBase"]
[PlyCount "129"]
[EventDate "2020.07.10"]
[EventType "swiss"]
[EventCountry "SVK"]
[SourceTitle "playchess.com"]
[Source "ChessBase"]
[SourceQuality "1"]
[TimeControl "3600+30"]

1. e4 g6 2. d4 Bg7 3. Nc3 d6 4. Be3 Nc6 5. h3 e5 6. Nf3 Nge7 7. d5 Nb8 8. Qd2 h6 9. g4 g5 10. Be2 Ng6 11. O-O-O Nd7 12. h4 f6 13. Bd3 Nf4 14. Ne2 Nxe2+ 15. Bxe2 Nf8 16. Bb5+ Kf7 17. Rdg1 a6 18. Bd3 Ng6 19. h5 Nf8 20. Nh2 Nd7 21. Nf1 Re8 22. Ng3 b6 23. Nf5 Bf8 24. f3 Nc5 25. Be2 Rb8 26. Kd1 Ra8 27. Ke1 Bxf5 28. gxf5 Qd7 29. b4 Nb7 30. Kf2 Reb8 31. Bd3 Be7 32. Kg3 Kg7 33. f4 exf4+ 34. Bxf4 Rg8 35. Be3 Rge8 36. Kf2 Qd8 37. Qc3 Kh7 38. Qc6 Qc8 39. Bd4 Rf8 40. Ke1 Nd8 41. Qc3 Qd7 42. Ke2 Nb7 43. Re1 Kg7 44. Kd1 Kf7 45. Qc6 Qxc6 46. dxc6 Nd8 47. Bc4+ Kg7 48. Bd5 Nf7 49. c4 Rfb8 50. Rh2 Ne5 51. Rf1 Kf8 52. Rd2 Kg7 53. Ke2 Bd8 54. Bxe5 fxe5 55. c5 Ra7 56. cxd6 cxd6 57. Be6 Be7 58. f6+ Bxf6 59. Rxd6 Rf8 60. Bd7 Rc7 61. a4 Ra7 62. Bf5 Rc7 63. Rfd1 Rff7 64. Bg6 Rfe7 65. Rf1 1-0

[Event "SVK Amateur-ch 2020"]
[Site "Topolcany"]
[Date "2020.07.12"]
[Round "4.30"]
[White "Pirvulescu, Adrian"]
[Black "Zetocha, Adrian"]
[Result "0-1"]
[ECO "B13"]
[WhiteElo "1909"]
[BlackElo "2073"]
[Annotator "ChessBase"]
[PlyCount "64"]
[EventDate "2020.07.10"]
[EventType "swiss"]
[EventCountry "SVK"]
[SourceTitle "playchess.com"]
[Source "ChessBase"]
[SourceQuality "1"]
[TimeControl "3600+30"]

1. e4 c6 2. d4 d5 3. exd5 cxd5 4. Bd3 Nc6 5. c3 Qc7 6. Ne2 Bg4 7. O-O e6 8. Qe1 Bxe2 9. Qxe2 Bd6 10. f4 Nge7 11. Be3 Nf5 12. Bf2 O-O-O 13. g4 Nfe7 14. Bg3 g5 15. Qe3 gxf4 16. Bxf4 Rdg8 17. Bxd6 Qxd6 18. Rxf7 Rxg4+ 19. Kh1 Rh4 20. Qf2 Ng6 21. Na3 a6 22. Rf1 e5 23. Bf5+ Kb8 24. Rd7 Qf8 25. Bxg6 Rf4 26. Qxf4 exf4 27. Rf7 Qh6 28. Bc2 Rf8 29. Rxh7 Qe6 30. Rh4 f3 31. Bd1 f2 32. Bg4 Qe4+ 0-1

[Event "SVK Amateur-ch 2020"]
[Site "Topolcany"]
[Date "2020.07.12"]
[Round "4.31"]
[White "Garban, Mario"]
[Black "Marsina, Stefan"]
[Result "1/2-1/2"]
[ECO "D46"]
[WhiteElo "2033"]
[BlackElo "1829"]
[Annotator "ChessBase"]
[PlyCount "67"]
[EventDate "2020.07.10"]
[EventType "swiss"]
[EventCountry "SVK"]
[SourceTitle "playchess.com"]
[Source "ChessBase"]
[SourceQuality "1"]
[TimeControl "3600+30"]

1. c4 e6 2. d4 d5 3. Nc3 c6 4. e3 Nf6 5. Nf3 Nbd7 6. Bd3 Bd6 7. c5 Bc7 8. e4 dxe4 9. Bxe4 O-O 10. Bg5 h6 11. Bh4 e5 12. dxe5 Nxe5 13. Qxd8 Nxf3+ 14. Bxf3 Bxd8 15. O-O-O Be7 16. Ne4 g5 17. Nxf6+ Bxf6 18. Bg3 Bf5 19. Rhe1 Rfe8 20. Be2 b6 21. f3 bxc5 22. Ba6 Bd4 23. b3 Bc3 24. Re2 Rxe2 25. Bxe2 Re8 26. Bd3 Bxd3 27. Rxd3 Bd4 28. Kd1 f5 29. b4 Re3 30. Rd2 Rc3 31. bxc5 Bxc5 32. Rd8+ Kf7 33. Be1 f4 34. Bg3 1/2-1/2

[Event "SVK Amateur-ch 2020"]
[Site "Topolcany"]
[Date "2020.07.12"]
[Round "4.32"]
[White "Dziewonski, Dariusz"]
[Black "Skreko, Igor"]
[Result "1/2-1/2"]
[ECO "B90"]
[WhiteElo "2029"]
[BlackElo "1761"]
[Annotator "ChessBase"]
[PlyCount "142"]
[EventDate "2020.07.10"]
[EventType "swiss"]
[EventCountry "SVK"]
[SourceTitle "playchess.com"]
[Source "ChessBase"]
[SourceQuality "1"]
[TimeControl "3600+30"]

1. e4 c5 2. Nf3 d6 3. d4 cxd4 4. Nxd4 Nf6 5. Nc3 a6 6. Bc4 e6 7. O-O Be7 8. Bb3 O-O 9. Qf3 Nbd7 10. Qg3 Kh8 11. Bxe6 fxe6 12. Nxe6 Nh5 13. Qe3 Qa5 14. Nxf8 Bxf8 15. Bd2 Qb6 16. b3 Qxe3 17. Bxe3 Nhf6 18. Rad1 b5 19. f3 Bb7 20. Rd2 Rc8 21. Nd5 Nxd5 22. exd5 Nf6 23. Rfd1 Kg8 24. Kf2 Kf7 25. g4 Be7 26. a4 Bd8 27. axb5 axb5 28. Ra1 Be7 29. Ra7 Rb8 30. c4 bxc4 31. bxc4 Bc8 32. Bf4 Rb7 33. Rda2 Rxa7 34. Rxa7 Ke8 35. Ra8 Kd8 36. Ke2 Nd7 37. Kd3 Nc5+ 38. Kc2 h6 39. Be3 Bf6 40. Ra5 Nd7 41. Bf4 Ne5 42. Bxe5 Bxe5 43. h3 Kc7 44. Kd3 Bd7 45. Ra7+ Kd8 46. Ke4 g5 47. c5 Bb5 48. c6 Bf1 49. Rh7 Bxh3 50. Rxh6 Bf1 51. Kf5 Bf4 52. Rh8+ Kc7 53. Rh7+ Kc8 54. Ra7 Bd3+ 55. Ke6 Be2 56. Ra3 Bd1 57. Rc3 Kc7 58. Kf5 Be2 59. Ke4 Bf1 60. Ra3 Be5 61. Ra7+ Kc8 62. Re7 Bf4 63. Rf7 Bc4 64. Ra7 Bb3 65. Ra3 Bd1 66. Ra8+ Kc7 67. Ra7+ Kc8 68. Ra3 Be2 69. Ra2 Bd1 70. Ra8+ Kc7 71. Ra7+ Kc8 1/2-1/2

[Event "SVK Amateur-ch 2020"]
[Site "Topolcany"]
[Date "2020.07.13"]
[Round "5.1"]
[White "Trasakova Adela"]
[Black "Garban, Mario"]
[Result "0-1"]
[ECO "A46"]
[WhiteElo "1660"]
[BlackElo "2033"]
[Annotator "ChessBase"]
[PlyCount "117"]
[EventDate "2020.07.10"]
[EventType "swiss"]
[EventCountry "SVK"]
[TimeControl "3600+30"]

1. d4 d6 2. Bf4 Nf6 3. Nf3 Bg4 4. Nbd2 Nbd7 5. c3 c6 6. Qc2 d5 7. e3 Bh5 8. Bd3 e6 9. O-O Be7 10. Ne5 O-O 11. e4 Nxe5 12. dxe5 Nxe4 13. Nxe4 dxe4 14. Bxe4 Bg6 15. Be3 Bxe4 16. Qxe4 Qd5 17. Qxd5 cxd5 18. f4 b6 19. Rac1 Bc5 20. Bxc5 bxc5 21. c4 d4 22. f5 exf5 23. Rxf5 g6 24. Rf6 Rfe8 25. Re1 Re6 26. Rxe6 fxe6 27. a3 Rb8 28. Re2 Rb3 29. g4 a5 30. Kg2 g5 31. Kf2 Kf7 32. Kg1 Kg7 33. Kf1 h5 34. gxh5 Rh3 35. Kg2 Rxh5 36. Kg3 Rh4 37. b4 axb4 38. axb4 cxb4 39. c5 d3 40. Rd2 Rc4 41. Kf2 Rc2 42. Ke3 Rxc5 43. Rxd3 Rc3 44. Rxc3 bxc3 45. Kd3 Kg6 46. Kxc3 Kf5 47. Kd4 g4 48. Ke3 Kxe5 49. Kf2 Kf4 50. Ke2 e5 51. Kf2 e4 52. Ke2 e3 53. Ke1 Kf3 54. Kf1 e2+ 55. Ke1 Ke3 56. h4 g3 57. h5 g2 58. h6 g1=N 59. h7 0-1

[Event "SVK Amateur-ch 2020"]
[Site "Topolcany"]
[Date "2020.07.13"]
[Round "5.2"]
[White "Juan Lepp, Jaime Boris"]
[Black "Pokrupa, Marek"]
[Result "0-1"]
[ECO "C10"]
[WhiteElo "1853"]
[BlackElo "2187"]
[Annotator "ChessBase"]
[PlyCount "98"]
[EventDate "2020.07.10"]
[EventType "swiss"]
[EventCountry "SVK"]
[TimeControl "3600+30"]

1. e4 e6 2. Nf3 d5 3. Nc3 dxe4 4. Nxe4 Nd7 5. d4 Ngf6 6. Nxf6+ Nxf6 7. Bd3 b6 8. O-O Bb7 9. c3 Be7 10. Qa4+ c6 11. Ne5 Qc8 12. f4 O-O 13. f5 c5 14. fxe6 Qxe6 15. Bc4 Bd5 16. Bg5 Bxc4 17. Nxc4 cxd4 18. cxd4 Qg4 19. Bf4 Nd5 20. Ne5 Qe2 21. Rf2 Qe4 22. Bg3 Bg5 23. Qc2 Qxc2 24. Rxc2 Rac8 25. Re2 Rfe8 26. Rae1 f6 27. Nf3 Rxe2 28. Rxe2 Be3+ 29. Bf2 Rc1+ 30. Re1 Kf7 31. Bxe3 Rxe1+ 32. Nxe1 Nxe3 33. Nd3 Nf5 34. d5 Ne3 35. d6 g5 36. Nb4 Ke6 37. Nd3 Kxd6 38. h3 h5 39. Kf2 Nc4 40. b3 Ne5 41. Nc1 h4 42. Ke3 Kd5 43. Ne2 f5 44. a3 Nc6 45. Nc3+ Ke5 46. b4 Nd4 47. a4 Nc2+ 48. Kf3 Nxb4 49. Nb5 Nc6 0-1

[Event "SVK Amateur-ch 2020"]
[Site "Topolcany"]
[Date "2020.07.13"]
[Round "5.3"]
[White "Miciak, Emanuel"]
[Black "Bielik, Miroslav"]
[Result "0-1"]
[ECO "D02"]
[WhiteElo "1839"]
[BlackElo "2133"]
[Annotator "ChessBase"]
[PlyCount "48"]
[EventDate "2020.07.10"]
[EventType "swiss"]
[EventCountry "SVK"]
[TimeControl "3600+30"]

1. d4 d5 2. Nf3 Nf6 3. Bf4 c5 4. e3 Qb6 5. b3 Nc6 6. dxc5 Qxc5 7. Bd3 Bg4 8. h3 Bxf3 9. Qxf3 e5 10. O-O e4 11. Qe2 exd3 12. cxd3 Be7 13. d4 Qa5 14. Nd2 O-O 15. Nf3 Rac8 16. Ne5 Rfd8 17. g4 Nxe5 18. dxe5 Ne4 19. f3 Nc5 20. Rfc1 Ne6 21. Bg3 Ba3 22. Rd1 Qc3 23. Be1 Qxe5 24. f4 Nxf4 0-1

[Event "SVK Amateur-ch 2020"]
[Site "Topolcany"]
[Date "2020.07.13"]
[Round "5.5"]
[White "Matejov, Jaroslav"]
[Black "Mesaros, Jan"]
[Result "1/2-1/2"]
[ECO "B26"]
[WhiteElo "2021"]
[BlackElo "1782"]
[Annotator "ChessBase"]
[PlyCount "133"]
[EventDate "2020.07.10"]
[EventType "swiss"]
[EventCountry "SVK"]
[TimeControl "3600+30"]

1. e4 c5 2. Nc3 Nc6 3. g3 g6 4. Bg2 Bg7 5. Nge2 e6 6. d3 Nge7 7. O-O O-O 8. Be3 Nd4 9. Qd2 d6 10. h3 Rb8 11. Kh2 b5 12. Nd1 Bd7 13. c3 Nxe2 14. Qxe2 b4 15. f4 bxc3 16. bxc3 Qa5 17. Qd2 Ba4 18. d4 cxd4 19. Bxd4 e5 20. fxe5 dxe5 21. Be3 Bb5 22. Rf3 Bc4 23. Qf2 Rb7 24. Bc5 Rc7 25. Bb4 Qa6 26. Ne3 Re8 27. Bf1 Bxf1 28. Rxf1 Qe6 29. Rxf7 h6 30. Bxe7 Rcxe7 31. Rxe7 Rxe7 32. Nd5 Rb7 33. Qc2 Qa6 34. Rf2 Qc4 35. Qe2 Qc5 36. Kg2 Qa3 37. h4 Rb1 38. Qc4 Kh7 39. h5 gxh5 40. Qe2 Qc1 41. Rf1 Rb2 42. Rxc1 Rxe2+ 43. Kf3 Rxa2 44. c4 Ra3+ 45. Rc3 Rxc3+ 46. Nxc3 Bf8 47. Na4 Kg6 48. Ke3 Kf6 49. c5 Ke6 50. Kd3 Kd7 51. Kc4 Kc6 52. Kb4 Be7 53. Kc4 h4 54. gxh4 Bxh4 55. Nb2 a6 56. Nd3 Bf6 57. Nb4+ Kb7 58. Kd5 a5 59. c6+ Kb6 60. Kd6 Bd8 61. Nd5+ Kb5 62. c7 Bxc7+ 63. Nxc7+ Kc4 64. Kxe5 a4 65. Nd5 a3 66. Ne3+ Kd3 67. Nd5 1/2-1/2

[Event "SVK Amateur-ch 2020"]
[Site "Topolcany"]
[Date "2020.07.13"]
[Round "5.6"]
[White "Szocs, Ladislav"]
[Black "Podoba, Milan"]
[Result "1-0"]
[ECO "D11"]
[WhiteElo "1801"]
[BlackElo "2023"]
[Annotator "ChessBase"]
[PlyCount "49"]
[EventDate "2020.07.10"]
[EventType "swiss"]
[EventCountry "SVK"]
[TimeControl "3600+30"]

1. Nf3 d5 2. g3 Nf6 3. Bg2 Bf5 4. O-O e6 5. d4 Nbd7 6. c4 c6 7. b3 h6 8. Nc3 Be7 9. Bb2 O-O 10. cxd5 exd5 11. a3 a5 12. Nd2 Re8 13. Re1 Qb6 14. e4 Bg4 15. Qc2 dxe4 16. Ndxe4 Nxe4 17. Nxe4 Be6 18. Nd2 Nf6 19. Nc4 Qb5 20. Re5 c5 21. dxc5 Rac8 22. c6 Nd5 23. cxb7 Qxb7 24. Rae1 Bf6 25. Bxd5 1-0

[Event "SVK Amateur-ch 2020"]
[Site "Topolcany"]
[Date "2020.07.13"]
[Round "5.7"]
[White "Kolesar, Peter"]
[Black "Panda Gyorgy"]
[Result "1-0"]
[ECO "B42"]
[WhiteElo "2002"]
[BlackElo "1773"]
[Annotator "ChessBase"]
[PlyCount "71"]
[EventDate "2020.07.10"]
[EventType "swiss"]
[EventCountry "SVK"]
[TimeControl "3600+30"]

1. e4 c5 2. Nf3 e6 3. d4 cxd4 4. Nxd4 a6 5. c4 Nf6 6. Bd3 Qc7 7. O-O Bc5 8. Nb3 Ba7 9. Nc3 d6 10. Bf4 Nbd7 11. Qe2 O-O 12. Rad1 Ne5 13. h3 Bd7 14. Nd2 Rac8 15. b3 b5 16. Ncb1 bxc4 17. Nxc4 Nxd3 18. Qxd3 e5 19. Bg5 Bb5 20. Nba3 Bd4 21. Bxf6 gxf6 22. Qg3+ Kh8 23. Qh4 Qe7 24. Rd3 Rg8 25. Nxb5 axb5 26. Ne3 Qe6 27. Nf5 Bc5 28. Rfd1 Rcd8 29. Kh1 Rg6 30. f3 Rgg8 31. Qe1 Rd7 32. Rd5 Ra8 33. Qd2 Rdd8 34. Rxc5 dxc5 35. Qxd8+ Qe8 36. Qxf6+ 1-0

[Event "SVK Amateur-ch 2020"]
[Site "Topolcany"]
[Date "2020.07.13"]
[Round "5.8"]
[White "Kukan, Michal"]
[Black "Kucera, Michal"]
[Result "0-1"]
[ECO "A29"]
[WhiteElo "1760"]
[BlackElo "1978"]
[Annotator "ChessBase"]
[PlyCount "22"]
[EventDate "2020.07.10"]
[EventType "swiss"]
[EventCountry "SVK"]
[TimeControl "3600+30"]

1. c4 e5 2. Nc3 Nf6 3. g3 d5 4. cxd5 Nxd5 5. Bg2 Nb6 6. d3 Be7 7. Nf3 Nc6 8. O-O O-O 9. Bd2 Be6 10. a3 a5 11. Nb5 f6 0-1

[Event "SVK Amateur-ch 2020"]
[Site "Topolcany"]
[Date "2020.07.13"]
[Round "5.9"]
[White "Juan Mas, Santiago"]
[Black "Varga, Milan"]
[Result "1/2-1/2"]
[ECO "C28"]
[WhiteElo "1983"]
[BlackElo "1839"]
[Annotator "ChessBase"]
[PlyCount "141"]
[EventDate "2020.07.10"]
[EventType "swiss"]
[EventCountry "SVK"]
[TimeControl "3600+30"]

1. e4 e5 2. Nc3 Nc6 3. Bc4 Nf6 4. d3 Be7 5. f4 d6 6. Nf3 h6 7. a3 Bg4 8. h3 Bxf3 9. Qxf3 Nd4 10. Qf2 Nh5 11. Bxf7+ Kxf7 12. fxe5+ Kg8 13. O-O dxe5 14. Qf7+ Kh7 15. Qxh5 Rf8 16. Bxh6 g6 17. Bxf8+ gxh5 18. Rf7+ Kg8 19. Bxe7 Qd7 20. Raf1 Qe6 21. Nd5 Qxf7 22. Rxf7 Kxf7 23. Bg5 Nxc2 24. Nxc7 Rg8 25. h4 Ne1 26. d4 exd4 27. e5 Rg6 28. e6+ Rxe6 29. Nxe6 Kxe6 30. Kf2 Nd3+ 31. Kf3 Nxb2 32. g4 hxg4+ 33. Kxg4 Nc4 34. h5 Kf7 35. Kf3 Nxa3 36. Ke4 Nb5 37. Bd2 a6 38. Kd5 Kg7 39. Kc5 d3 40. Kb6 Nd6 41. Bb4 Nc4+ 42. Kxb7 a5 43. Bc3+ Kh6 44. Ka6 a4 45. Kb5 Nb2 46. Kb4 Kxh5 47. Ka3 Nd1 48. Ba5 Kg4 49. Kxa4 Kf4 50. Kb3 Ke4 51. Bb4 Ne3 52. Kb2 Kd4 53. Bc3+ Kc4 54. Bd2 Nf1 55. Ba5 Ng3 56. Kc1 Ne2+ 57. Kd2 Nd4 58. Bd8 Nb3+ 59. Kd1 Kc3 60. Bf6+ Kc4 61. Bg7 Kd5 62. Bf6 Ke4 63. Bg7 Nd4 64. Bxd4 Kxd4 65. Kd2 Ke4 66. Kd1 Ke3 67. Ke1 Ke4 68. Kd1 Kd4 69. Kd2 Kc4 70. Kd1 Kc3 71. Kc1 1/2-1/2

[Event "SVK Amateur-ch 2020"]
[Site "Topolcany"]
[Date "2020.07.13"]
[Round "5.11"]
[White "Trangos, Miroslav"]
[Black "Skrinar, Marek"]
[Result "1-0"]
[ECO "E22"]
[WhiteElo "1971"]
[BlackElo "1668"]
[Annotator "ChessBase"]
[PlyCount "61"]
[EventDate "2020.07.10"]
[EventType "swiss"]
[EventCountry "SVK"]
[TimeControl "3600+30"]

1. d4 Nf6 2. c4 e6 3. Nc3 Bb4 4. Qc2 Bxc3+ 5. Qxc3 d5 6. e3 O-O 7. Bd3 dxc4 8. Bxc4 b6 9. Nf3 Bb7 10. b3 Nbd7 11. Ba3 Re8 12. Rd1 Ne4 13. Qc2 Ndf6 14. Bb5 c6 15. Bd3 Qd5 16. O-O h6 17. Ne5 Nd6 18. f3 Nb5 19. Bb2 Rac8 20. a4 Nc7 21. e4 Qd8 22. Qf2 Na6 23. Ba3 Nb8 24. Nc4 c5 25. e5 Nd5 26. Nd6 cxd4 27. Nxb7 Qc7 28. Nd6 Ne3 29. Rc1 Qxc1 30. Rxc1 Rxc1+ 31. Bxc1 1-0

[Event "SVK Amateur-ch 2020"]
[Site "Topolcany"]
[Date "2020.07.13"]
[Round "5.12"]
[White "Rabovszky Gyorgy"]
[Black "Blazek, Milos"]
[Result "1/2-1/2"]
[ECO "C68"]
[WhiteElo "1716"]
[BlackElo "1977"]
[Annotator "ChessBase"]
[PlyCount "112"]
[EventDate "2020.07.10"]
[EventType "swiss"]
[EventCountry "SVK"]
[TimeControl "3600+30"]

1. e4 e5 2. Nf3 Nc6 3. Bb5 a6 4. Bxc6 dxc6 5. d4 exd4 6. Qxd4 Qxd4 7. Nxd4 c5 8. Ne2 Bd6 9. Nbc3 Ne7 10. Be3 O-O 11. e5 Bxe5 12. Bxc5 Re8 13. O-O-O Be6 14. f4 Bxc3 15. Nxc3 b6 16. Bxe7 Rxe7 17. Rhe1 Kf8 18. a3 Rae8 19. Rd2 Bc4 20. Rxe7 Rxe7 21. Rd8+ Re8 22. Rxe8+ Kxe8 23. Kd2 Kd7 24. Ke3 Ke6 25. g3 f5 26. Kd4 Bf1 27. b4 Kd6 28. Nd1 c5+ 29. Kc3 g6 30. Ne3 Be2 31. Kd2 Bb5 32. c4 Bc6 33. g4 Be4 34. g5 Kc6 35. Kc3 Kd6 36. a4 a5 37. bxa5 bxa5 38. Nf1 Bf3 39. Kc2 Be4+ 40. Kb3 Bf3 41. h4 Bd1+ 42. Ka3 Kc6 43. Ne3 Bf3 44. Kb3 Kd6 45. Kc2 Kc6 46. Kd2 Kd6 47. Kd3 Bc6 48. h5 Bxa4 49. hxg6 hxg6 50. Nd5 Bc6 51. Ne3 Bf3 52. Kc3 Bc6 53. Kb3 Kc7 54. Nc2 Kd6 55. Ne3 Ke6 56. Nd1 Kd6 1/2-1/2

[Event "SVK Amateur-ch 2020"]
[Site "Topolcany"]
[Date "2020.07.13"]
[Round "5.13"]
[White "Plasek, Zdenek"]
[Black "Babjak, Samuel"]
[Result "1-0"]
[ECO "A47"]
[WhiteElo "1933"]
[BlackElo "1487"]
[Annotator "ChessBase"]
[PlyCount "107"]
[EventDate "2020.07.10"]
[EventType "swiss"]
[EventCountry "SVK"]
[TimeControl "3600+30"]

1. d4 e6 2. Bf4 Nf6 3. e3 b6 4. Nf3 Bb7 5. Nbd2 Be7 6. Bd3 O-O 7. O-O Nh5 8. Qe2 Nxf4 9. exf4 d6 10. Rfe1 Re8 11. Rad1 Nd7 12. Ne4 Nf6 13. c3 d5 14. Nxf6+ Bxf6 15. Bb5 c6 16. Ba4 Qc7 17. Ne5 g6 18. Qd3 Rec8 19. Qg3 c5 20. Qe3 cxd4 21. cxd4 Ba6 22. Rc1 Qd6 23. a3 Rxc1 24. Rxc1 Rc8 25. g3 Rxc1+ 26. Qxc1 b5 27. Bb3 b4 28. a4 Qb6 29. Qc6 Qxc6 30. Nxc6 Bc4 31. Bd1 Kf8 32. f3 a5 33. Kf2 Ke8 34. b3 Ba6 35. Ke3 Bd8 36. Nxd8 Kxd8 37. g4 h6 38. f5 g5 39. f6 Ke8 40. Bc2 Kf8 41. f4 Bf1 42. Kf3 Ke8 43. Kf2 Ba6 44. Kg3 Kd7 45. h4 gxf4+ 46. Kxf4 Be2 47. g5 hxg5+ 48. Kxg5 e5 49. dxe5 d4 50. Bf5+ Kc7 51. e6 fxe6 52. Bxe6 d3 53. Bc4 Kd8 54. h5 1-0

[Event "SVK Amateur-ch 2020"]
[Site "Topolcany"]
[Date "2020.07.12"]
[Round "5.14"]
[White "Panko, Radoslav"]
[Black "Bochnicka, Vladimir"]
[Result "1/2-1/2"]
[ECO "D00"]
[WhiteElo "2031"]
[BlackElo "2092"]
[Annotator "ChessBase"]
[PlyCount "100"]
[EventDate "2020.07.10"]
[EventType "swiss"]
[EventCountry "SVK"]
[SourceTitle "playchess.com"]
[Source "ChessBase"]
[SourceQuality "1"]
[TimeControl "3600+30"]

1. d4 d5 2. Nc3 Nf6 3. Bf4 e6 4. Nb5 Na6 5. e3 c6 6. Nc3 Nc7 7. Bd3 Bd6 8. Nf3 O-O 9. Ne5 c5 10. dxc5 Bxc5 11. O-O Qe7 12. Qf3 Bd6 13. Qh3 h6 14. Qh4 Rd8 15. a4 Nce8 16. Bg3 Nd7 17. Qxe7 Bxe7 18. e4 Bf6 19. Nxd7 Bxc3 20. bxc3 Bxd7 21. exd5 exd5 22. c4 dxc4 23. Bxc4 Rac8 24. Bd3 Be6 25. Rfb1 Bd5 26. Rb4 Nf6 27. f3 Rc5 28. Bf2 Ra5 29. Rb5 Ra6 30. Rxd5 Nxd5 31. Bxa6 bxa6 32. Rd1 Rd7 33. c4 Nb6 34. Rxd7 Nxd7 35. Bxa7 Ne5 36. c5 Nc6 37. Bb6 f5 38. Kf2 Kf7 39. Ke3 Ke6 40. g4 fxg4 41. fxg4 Kd5 42. Kf4 Nd4 43. a5 g6 44. h4 Ne6+ 45. Ke3 Nf8 46. h5 gxh5 47. gxh5 Nd7 48. Kf4 Nf6 49. c6 Kxc6 50. Bd4 Nxh5+ 1/2-1/2

[Event "SVK Amateur-ch 2020"]
[Site "Topolcany"]
[Date "2020.07.13"]
[Round "5.15"]
[White "Galdik, Stefan"]
[Black "Bakalar, Jan"]
[Result "1/2-1/2"]
[ECO "E60"]
[WhiteElo "1583"]
[BlackElo "1900"]
[Annotator "ChessBase"]
[PlyCount "115"]
[EventDate "2020.07.10"]
[EventType "swiss"]
[EventCountry "SVK"]
[TimeControl "3600+30"]

1. d4 Nf6 2. c4 d6 3. Nc3 c6 4. Nf3 Nbd7 5. e3 g6 6. Be2 Bg7 7. O-O Qc7 8. b3 O-O 9. Bb2 Re8 10. Rc1 a6 11. h3 b6 12. Qc2 Bb7 13. Rfe1 Rac8 14. Bd3 Qb8 15. Qd1 e5 16. dxe5 dxe5 17. Ne4 Nxe4 18. Bxe4 Nc5 19. Bb1 Rcd8 20. Qe2 e4 21. Bxg7 Kxg7 22. Qb2+ f6 23. Nd4 Nd3 24. Bxd3 exd3 25. Nf3 c5 26. Nd2 Re5 27. Rcd1 Qa8 28. f3 Rg5 29. e4 Qb8 30. Nf1 Bc8 31. g4 Qf4 32. Qf2 b5 33. Qg3 Qxg3+ 34. Nxg3 Re5 35. Re3 bxc4 36. bxc4 Rd4 37. Rexd3 Rxd3 38. Rxd3 Re7 39. Rd5 Rc7 40. Rd6 Kf7 41. f4 Be6 42. Rxa6 Bxc4 43. Ra4 Bd3 44. Ra3 c4 45. Rc3 Rb7 46. Rc1 Ra7 47. Ra1 c3 48. Kf2 c2 49. Ke3 Rxa2 50. Rc1 Bb5 51. Kd2 Ra3 52. Ne2 Rxh3 53. Rxc2 Rh2 54. Ke3 Rh3+ 55. Kf2 Rh2+ 56. Kf3 Bd3 57. Rd2 Rh3+ 58. Kg2 1/2-1/2

[Event "SVK Amateur-ch 2020"]
[Site "Topolcany"]
[Date "2020.07.12"]
[Round "5.16"]
[White "Matis, Tibor"]
[Black "Pniaczek, Marek"]
[Result "0-1"]
[ECO "B44"]
[WhiteElo "1939"]
[BlackElo "2102"]
[Annotator "ChessBase"]
[PlyCount "56"]
[EventDate "2020.07.10"]
[EventType "swiss"]
[EventCountry "SVK"]
[SourceTitle "playchess.com"]
[Source "ChessBase"]
[SourceQuality "1"]
[TimeControl "3600+30"]

1. e4 c5 2. Nf3 e6 3. d4 cxd4 4. Nxd4 Nc6 5. c4 Nf6 6. Nc3 Bb4 7. Nxc6 bxc6 8. e5 Ne4 9. Bd2 Bxc3 10. Bxc3 Nxc3 11. bxc3 Qa5 12. Qd4 c5 13. Qd2 Bb7 14. f3 Bc6 15. Bd3 Rb8 16. O-O O-O 17. Rab1 Rbd8 18. Rfd1 f5 19. exf6 Rxf6 20. Qc2 Ba4 21. Bxh7+ Kf7 22. Qe4 Bxd1 23. Rxd1 Qxc3 24. h4 g6 25. h5 gxh5 26. Kh1 Kg7 27. Qb1 Qxc4 28. Qb2 Qh4+ 0-1

[Event "SVK Amateur-ch 2020"]
[Site "Topolcany"]
[Date "2020.07.13"]
[Round "5.16"]
[White "Wozniak Marcin"]
[Black "Hlavac, Tomas"]
[Result "1/2-1/2"]
[ECO "C10"]
[WhiteElo "1864"]
[BlackElo "1349"]
[Annotator "NA RC"]
[PlyCount "33"]
[EventDate "2020.07.10"]
[EventType "swiss"]
[EventCountry "SVK"]
[TimeControl "3600+30"]

1. e4 e6 2. d4 d5 3. Nd2 dxe4 4. Nxe4 Be7 5. Nf3 Nf6 6. Nxf6+ Bxf6 7. Bd3 Nc6 8. c3 b6 9. Be4 Bb7 10. Qa4 Qd7 11. Ne5 Bxe5 12. dxe5 O-O-O 13. Bg5 Ne7 14. Bxb7+ Kxb7 15. Qe4+ Kb8 16. O-O h6 17. Bxe7 1/2-1/2

[Event "SVK Amateur-ch 2020"]
[Site "Topolcany"]
[Date "2020.07.12"]
[Round "5.17"]
[White "Suder, Jakub"]
[Black "Musial, Tomasz"]
[Result "1-0"]
[ECO "E20"]
[WhiteElo "2095"]
[BlackElo "1946"]
[Annotator "ChessBase"]
[PlyCount "113"]
[EventDate "2020.07.10"]
[EventType "swiss"]
[EventCountry "SVK"]
[SourceTitle "playchess.com"]
[Source "ChessBase"]
[SourceQuality "1"]
[TimeControl "3600+30"]

1. d4 Nf6 2. c4 e6 3. Nc3 Bb4 4. f3 c5 5. d5 d6 6. e4 O-O 7. Nge2 a6 8. Nf4 exd5 9. cxd5 Nbd7 10. Be2 b5 11. a4 Rb8 12. Bd2 c4 13. g4 Nc5 14. axb5 axb5 15. Be3 Re8 16. O-O Nb3 17. Ra2 Bc5 18. Bxc5 Nxc5 19. Kh1 Nfd7 20. Qe1 Ne5 21. Qg3 b4 22. Nb1 Bd7 23. g5 g6 24. h4 b3 25. Ra1 Na4 26. Rxa4 Bxa4 27. Ng2 Qb6 28. Nc3 Bd7 29. Rd1 Nd3 30. Bxd3 cxd3 31. Rxd3 Ra8 32. Rd1 Ra2 33. Rb1 Rc8 34. Qe1 Ra7 35. h5 Qd8 36. Qg3 Qe7 37. Qf4 Rca8 38. Qd2 Ra1 39. Rxa1 Rxa1+ 40. Kh2 Rf1 41. Qe3 gxh5 42. f4 Ra1 43. e5 dxe5 44. Ne4 Bg4 45. Nf6+ Kg7 46. Qe4 Kf8 47. Qxh7 Qa7 48. Qh8+ Ke7 49. Qe8+ Kd6 50. Qc6+ Ke7 51. d6+ Ke6 52. Qd5+ Kf5 53. Qxe5+ Kg6 54. Qe4+ Bf5 55. Nh4+ Kg7 56. Nxf5+ Kf8 57. Qe8# 1-0

[Event "SVK Amateur-ch 2020"]
[Site "Topolcany"]
[Date "2020.07.13"]
[Round "5.17"]
[White "Kubrican, Anton"]
[Black "Cavalcante, Pietro Lukas B Souza"]
[Result "1-0"]
[ECO "A07"]
[WhiteElo "1861"]
[BlackElo "1619"]
[Annotator "NA RC"]
[PlyCount "59"]
[EventDate "2020.07.10"]
[EventType "swiss"]
[EventCountry "SVK"]
[TimeControl "3600+30"]

1. g3 d5 2. Bg2 g6 3. d3 Bg7 4. Nc3 c6 5. e4 dxe4 6. Nxe4 Nd7 7. Nf3 Ngf6 8. O-O O-O 9. c3 Qb6 10. Qc2 Nxe4 11. dxe4 a5 12. Be3 Qa6 13. Rfd1 a4 14. Rd2 Nb6 15. Bd4 Bh6 16. Rdd1 Be6 17. Bc5 Rfe8 18. h3 Nd7 19. Bf1 Qa5 20. Ba3 c5 21. b4 Qc7 22. bxc5 Nxc5 23. Nd4 Bc8 24. Bb5 Rd8 25. Bf1 b6 26. Nb5 Rxd1 27. Nxc7 Rxa1 28. Nxa8 Bxh3 29. Bxc5 Bxf1 30. Qb2 1-0